Map: [TLMC20] Spirit Crusher

Players

Mixu

  • Race: Zerg Zerg
  • League: Master
  • Spawn Location: 1:00

Percival - Winner!

  • Race: Terran Terran
  • Spawn Location: 7:00

VOD

Have the link to the VOD?

Description

Time

  • Played on: June 13, 2025, 9:38 a.m.
  • Length: 9:28
Show
View Real Time Build Order
Export as new Build Order

Mixu Zerg 

Build Orders: Pool First 

Get SALT Encoding   

  12  0:00  Drone  
  13  0:12  Overlord  
  13  0:17  Drone  
  14  0:30  Drone x2  
  14  0:34  Drone  
  17  0:44  Extractor  
  17  0:45  Drone  
  17  0:50  Spawning Pool  
  16  0:57  Drone  
  17  1:07  Drone  
  18  1:17  Hatchery  
  17  1:36  Zergling x4  
  21  1:42  Overlord  
  21  1:46  Metabolic Boost  
  19  1:53  Queen  
  21  1:57  Drone  
  22  2:04  Drone  
  23  2:12  Drone  
  24  2:29  Drone  
  25  2:30  Drone  
  25  2:33  Drone, Hatchery  
  25  2:45  Zergling x4  
  25  2:50  Queen  
  25  2:51  Zergling x2  
  30  2:54  Zergling x2  
  31  3:02  Zergling x4, Overlord  
  31  3:04  Drone  
  34  3:07  Drone  
  35  3:16  Drone  
  35  3:17  Drone  
  36  3:21  Queen  
  36  3:25  Drone  
  39  3:37  Drone x4  
  39  3:38  Drone  
  41  3:44  Drone  
  41  3:48  Queen  
  41  3:49  Drone x2  
  41  3:52  Drone  
  46  3:57  Drone  
  46  3:59  Drone  
  48  4:03  Overlord  
  48  4:08  Drone  
  49  4:11  Drone  
  49  4:15  Overlord  
  50  4:21  Queen  
  50  4:22  Drone x6  
  58  4:30  Overlord  
  58  4:33  Overlord  
  58  4:35  Drone  
  58  4:36  Drone  
  60  4:39  Lair  
  60  4:40  Drone x3  
  60  4:43  Spore Crawler  
  62  4:45  Spore Crawler  
  62  4:48  Zergling x6  
  62  4:50  Drone  
  62  4:51  Drone  
  66  4:56  Drone x2  
  68  5:02  Drone x4  
  68  5:03  Queen  
  68  5:06  Drone  
  68  5:07  Spore Crawler, Drone  
  76  5:10  Drone x2  
  76  5:14  Drone  
  77  5:16  Drone x2  
  77  5:21  Queen  
  79  5:23  Overlord  
  79  5:24  Drone  
  79  5:26  Baneling Nest  
  81  5:29  Drone, Extractor x3  
  81  5:30  Evolution Chamber  
  81  5:32  Drone x3  
  81  5:38  Hatchery  
  81  5:41  Overlord  
  81  5:42  Drone x2  
  82  5:46  Overseer, Drone  
  83  5:50  Overlord  
  83  5:54  Overlord  
  83  5:55  Drone x6, Extractor  
  85  6:04  Drone x2  
  85  6:09  Drone x5  
  90  6:12  Centrifugal Hooks  
  90  6:16  Drone x2, Zerg Ground Armor Level 1  
  90  6:19  Evolution Chamber  
  90  6:24  Drone x2  
  89  6:31  Drone x4  
  79  6:33  Drone x3  
  79  6:36  Drone  
  80  6:41  Drone x3  
  80  6:43  Drone  
  83  6:53  Drone x2  
  85  6:55  Drone x3  
  85  6:56  Drone  
  89  7:01  Zerg Melee Weapons Level 1  
  89  7:04  Zergling x10  
  98  7:08  Zergling x8  
  98  7:10  Baneling x5  
  98  7:11  Baneling x2  
  98  7:13  Zergling x4  
  100  7:19  Zergling x10  
  105  7:26  Zergling x6  
  105  7:28  Queen  
  101  7:31  Zergling x2  
  101  7:35  Zergling x16  
  110  7:41  Zergling x14  
  110  7:43  Baneling x6  
  110  7:44  Baneling  
  111  7:45  Baneling x3  
  111  7:49  Zergling x4  
  113  7:52  Zergling x2  
  113  7:55  Zergling x2  
  113  7:58  Zergling x2  
  116  8:01  Zergling x6  
  116  8:03  Overlord  
  119  8:08  Baneling x5  
  119  8:12  Zergling x2, Hatchery  
  119  8:13  Overlord x5  
  119  8:21  Overlord  
  119  8:22  Baneling x8  
  119  8:24  Zergling x8  
  117  8:28  Zergling x8  
  105  8:34  Zergling x14  
  105  8:40  Zergling x12  
  116  8:45  Zergling x10  
  111  8:50  Zergling x2  
  111  8:55  Baneling x4  
  113  8:56  Zergling x6  
  113  9:01  Zergling x6  
  111  9:03  Zergling x6  
  111  9:08  Zergling x2  
Show
View Real Time Build Order
Export as new Build Order

Percival Terran - Winner!

Build Orders: Reaper Expand 

Get SALT Encoding   

  12  0:00  SCV  
  13  0:12  SCV  
  14  0:17  Supply Depot  
  14  0:24  SCV  
  15  0:38  SCV  
  15  0:39  Barracks  
  16  0:44  Refinery  
  16  0:50  SCV  
  17  1:03  SCV  
  18  1:15  SCV  
  19  1:27  Orbital Command, Reaper  
  20  1:40  Command Center  
  20  1:47  Supply Depot  
  20  1:53  SCV  
  21  1:58  Marine  
  22  2:05  SCV  
  23  2:16  Factory  
  23  2:17  SCV  
  23  2:21  Barracks Reactor  
  24  2:30  SCV  
  25  2:40  Command Center  
  25  2:42  SCV  
  26  2:53  Orbital Command  
  26  2:55  SCV  
  27  3:03  Starport  
  27  3:07  Refinery  
  27  3:08  SCV  
  30  3:13  Hellion  
  30  3:16  Hellion  
  30  3:19  Barracks Tech Lab  
  31  3:22  SCV  
  31  3:23  SCV  
  33  3:34  SCV  
  34  3:35  SCV  
  34  3:36  Hellion  
  33  3:46  SCV  
  33  3:47  SCV  
  34  3:54  Banshee  
  37  3:57  Orbital Command  
  37  3:59  SCV  
  37  4:01  SCV  
  39  4:06  Hellion  
  43  4:10  Hellion  
  43  4:12  Cloaking Field  
  43  4:15  SCV  
  43  4:16  SCV  
  45  4:25  SCV  
  45  4:27  SCV  
  45  4:28  Barracks Tech Lab  
  45  4:29  SCV  
  48  4:37  Banshee  
  51  4:38  SCV  
  51  4:40  SCV  
  51  4:42  Barracks  
  51  4:43  Barracks  
  51  4:44  SCV  
  54  4:47  Factory Reactor  
  54  4:50  SCV  
  54  4:52  SCV, Refinery  
  56  4:53  Refinery  
  56  4:56  SCV  
  56  4:59  Stimpack, Supply Depot, Marine  
  57  5:02  SCV  
  57  5:05  SCV  
  60  5:08  SCV  
  61  5:20  SCV x3  
  61  5:21  Engineering Bay  
  64  5:22  Engineering Bay, Supply Depot  
  64  5:28  Barracks  
  64  5:29  Barracks  
  64  5:32  SCV x3  
  64  5:35  Marine x2  
  67  5:40  Starport Reactor  
  69  5:43  Marine x3  
  69  5:44  Siege Tank  
  69  5:45  Orbital Command  
  69  5:48  SCV x2  
  69  5:49  Supply Depot  
  77  5:54  Terran Infantry Armor Level 1, Terran Infantry Weapons Level 1  
  77  6:07  Supply Depot  
  77  6:08  Supply Depot  
  77  6:10  Marine x5  
  77  6:11  SCV x2  
  84  6:16  Barracks Reactor x2  
  84  6:23  SCV  
  85  6:29  SCV x2, Medivac x2, Marine x5  
  96  6:35  SCV  
  96  6:38  Siege Tank  
  96  6:39  Combat Shield  
  90  6:41  SCV x2  
  90  6:43  Refinery  
  90  6:44  Supply Depot  
  90  6:45  Supply Depot  
  92  6:47  SCV, Supply Depot  
  92  6:48  Marine x5  
  92  6:53  SCV  
  92  6:54  SCV  
  100  6:55  Marine  
  101  7:05  Medivac x2, Supply Depot, Marine x3  
  108  7:10  Siege Tank  
  108  7:12  Supply Depot  
  108  7:14  Supply Depot  
  108  7:15  Marine x5  
  112  7:16  Marine  
  117  7:25  Barracks  
  117  7:26  Barracks  
  117  7:27  Barracks  
  117  7:32  Armory, Marine x3  
  117  7:35  Medivac x2  
  115  7:42  Siege Tank  
  115  7:43  Supply Depot, Marine  
  115  7:44  Supply Depot, Marine x3  
  115  7:47  Marine x2  
  115  7:49  Marine  
  120  7:51  Supply Depot  
  120  7:53  Marine x2  
  120  7:54  Supply Depot  
  122  8:01  Marine  
  122  8:05  Marine x4  
  127  8:13  Marine x7  
  127  8:14  Siege Tank  
  127  8:16  Supply Depot  
  127  8:19  Marine  
  138  8:23  Marine x2  
  134  8:31  Marine x6  
  134  8:33  Marine x2  
  131  8:42  Marine  
  131  8:46  Marine x2  
  103  8:48  SCV  
  103  8:49  SCV x2  
  103  8:50  Marine x8  
  103  8:51  Marine  
  103  8:55  Siege Tank  
  121  9:00  Marine  
  121  9:01  SCV  
  121  9:03  Marine  
  121  9:04  Marine  
  121  9:08  Marine x5  
Tags
 
Add a new tag
Caveats
  • Supply blocks, unpowered buildings, or Contaminate may cause inaccurate times.
  • Supply counts are checked every 10 seconds.